 Dungeon Crawl Stone Soup version 0.25-a0-869-g05d4e06a41 (webtiles) character file.

Game seed: 15078266555699693170, levelgen mode: deterministic

69 tilp the Bolt Thrower (level 4, -3/25 HPs)
             Began as a Kobold Arcane Marksman on May 1, 2020.
             Slain by a shadow imp (4 damage)
             ... summoned by Natasha
             ... on level 2 of the Dungeon.
             The game lasted 00:03:14 (1643 turns).

tilp the Bolt Thrower (Kobold Arcane Marksman)      Turns: 1643, Time: 00:03:14

Health: -3/25      AC:  6    Str:  8    XL:     4   Next: 42%
Magic:  5/5        EV: 14    Int: 14    God:
Gold:   86         SH:  0    Dex: 15    Spells: 2/5 levels left

rFire    . . .     SeeInvis .   b - +0 dagger
rCold    . . .     Gourm    .   (shield restricted)
rNeg     . . .     Faith    .   g - +0 leather armour
rPois    .         Spirit   .   (no helmet)
rElec    .         Reflect  .   (no cloak)
rCorr    .         Harm     .   i - +2 pair of gloves
MR       .....                  (no boots)
Stlth    +.........             (no amulet)
HPRegen  0.08/turn              (no ring)
MPRegen  0.09/turn              (no ring)

@: no status effects
A: small, carnivore
a: no special abilities


You were on level 2 of the Dungeon.
You were very full.

You visited 1 branch of the dungeon, and saw 2 of its levels.

You collected 86 gold pieces.

Inventory:

Hand Weapons
 a - a +0 hand crossbow
 b - a +0 dagger (weapon)
Missiles
 l - 4 boomerangs (quivered)
Armour
 g - a +0 leather armour (worn)
 i - a +2 pair of gloves (worn)
Scrolls
 f - 2 scrolls of identify
 j - a scroll of remove curse {unknown}
 k - a scroll of immolation {unknown}
 m - a scroll of fog {unknown}
Potions
 e - a potion of might
Comestibles
 c - a ration


   Skills:
 - Level 1.1 Fighting
 + Level 5.3 Crossbows
 - Level 2.4 Dodging
 - Level 1.1 Spellcasting
 - Level 3.0 Hexes


You had 2 spell levels left.
You knew the following spells:

 Your Spells              Type           Power        Failure   Level  Hunger
a - Corona                Hex            #......      11%         1    ##.....
b - Slow                  Hex            #.......     17%         2    ###....

Your spell library contained the following spells:

 Spells                   Type           Power        Failure   Level  Hunger
 Inner Flame              Hex/Fire       #.......     52%         3    ####...
 Portal Projectile        Hex/Tloc       #.....       52%         3    ####...
 Cause Fear               Hex            #.........   73%         4    #####..
 Leda's Liquefaction      Hex/Erth       #.........   90%         4    #####..


Dungeon Overview and Level Annotations

Branches:
Dungeon (2/15)

Altars:

Annotations:
D:2 Natasha


Innate Abilities, Weirdness & Mutations

You are small and have problems with some larger weapons.
You are carnivorous and can eat meat at any time.


Message History

b - a +0 dagger (weapon)
Natasha casts a spell at you. The magic dart hits you.
* * * LOW HITPOINT WARNING * * *
You hit Natasha.
Natasha is severely wounded.
Natasha mumbles some strange words.
You hit Natasha but do no damage.
Natasha is severely wounded.
Natasha claws you.
* * * LOW HITPOINT WARNING * * *
The shadow imp hits you but does no damage.
You hit Natasha but do no damage.
Natasha is severely wounded.
The crimson imp shouts, "Slither hence, thou plume-plucked miscreant nightsoil!"
Natasha misses you. The shadow imp barely misses you.
You hit Natasha.
Natasha is almost dead.
Natasha barely misses you. The shadow imp hits you.
You die...

#.# #.##.#### #.#
#.##.# #.#
#.##.##### ####
#.# #.##....)#
#.... #.#
#.....##(# ..8.8
. ..# #####.##5##
.8.... . ###
#.....#5###......
.
###.#...##h#.(.#
. #.....#.###@5(#
.
#.#.#...##.#...#
###. #.#.....#.#
##..... ###...
##.###.##.# .##.
#.g.<. #..#
#.##.# .. #.....
#.## #.##.# #.
#....).. #.#
###...w. #.#
#..... #.# ###.#.


You could see Natasha, a crimson imp and 2 shadow imps.

Vanquished Creatures
  Natasha (D:2)
  An adder (D:2)
  2 worms (D:2)
  2 dart slugs (D:1)
  A ball python (D:1)
  A giant cockroach (D:1)
  3 goblins
  4 hobgoblins
  A quokka (D:2)
  4 bats
  A frilled lizard (D:1)
  A kobold (D:1)
  5 rats (D:1)
27 creatures vanquished.

Vanquished Creatures (others)
  A bat (D:1)
1 creature vanquished.

Grand Total: 28 creatures vanquished

Notes
Turn   | Place    | Note
-------+----------+-------------------------------------------
     0 | D:1      | tilp the Kobold Arcane Marksman began the quest for the
                  | Orb.
     0 | D:1      | Reached XP level 1. HP: 12/12 MP: 2/2
    83 | D:1      | Reached skill level 3 in Crossbows
   109 | D:1      | Reached XP level 2. HP: 16/16 MP: 3/3
   629 | D:1      | Learned a level 2 spell: Slow
   819 | D:2      | Reached skill level 4 in Crossbows
   819 | D:2      | Reached XP level 3. HP: 20/20 MP: 4/4
  1532 | D:2      | Noticed Natasha
  1541 | D:2      | Killed Natasha
  1541 | D:2      | Reached skill level 5 in Crossbows
  1541 | D:2      | Reached XP level 4. HP: 14/25 MP: 5/5
  1632 | D:2      | Noticed Natasha
  1641 | D:2      | HP: 1/25 [Natasha (2)]
  1643 | D:2      | Slain by a shadow imp

Levels and vault maps discovered:
D:1:      co_arrival_hexagon_in_a_hexagon, layout_rooms, roderic_malta_cross
D:2:      layout_loops_ring, zin_statuary, uniq_natasha

Skill      XL: |  1  2  3 |
---------------+----------+-----
Crossbows      | 3 4 5 |  5.3
Fighting       | |  1.1
Dodging        | |  2.4
Spellcasting   | |  1.1
Hexes          | |  3.0

Action                   |  1- 3 |  4- 6 || total
-------------------------+-------+-------++-------
Melee: Dagger            |    39 |     4 ||    43
 Fire: Hand crossbow     |    62 |     3 ||    65
Throw: Boomerang         |       |     3 ||     3
 Cast: Corona            |     1 |       ||     1
  Use: Scroll            |     1 |       ||     1
  Eat: Chunk             |    10 |       ||    10
Armor: Leather armour    |    26 |     1 ||    27
Dodge: Dodged            |    51 |     3 ||    54

Table legend:
 A = Non-vault XP
 B = Vault XP
 C = Vault XP percentage of total XP
 D = Non-vault monster count
 E = Vault monster count
 F = Vault count percentage of total count
                 A         B        C        D         E       F
            +---------+---------+-------+---------+---------+-------
      Total |      64 |      35 |  35.4 |      26 |       1 |   3.7
            +---------+---------+-------+---------+---------+-------
        D:1 |      28 |       0 |   0.0 |      16 |       0 |   0.0
        D:2 |      36 |      35 |  49.3 |      10 |       1 |   9.1
            +---------+---------+-------+---------+---------+-------
